AoeStats
← 文風

Arena

509860894Analyzed
3v3 RM · 3d ago on Sep 28, 2026· 46m 11s· 6 players
Game mode
Random Map
Map size
Normal (6 player)
Population
200
Speed
Normal
Resources
Standard
Victory
Conquest
Starting age
Dark Age
Ending age
Imperial Age
RankedLock teamsTeams togetherTeam positionsShared explorationLock speedFull tech treeHidden civsTurbo modeCheats
Victory
Defeat
🇨🇳 Spanish · China
1441
+17
🇩🇪 Vietnamese · Germany
1388
+19
🇨🇳 Malay · China
1337
+20
🇭🇰 Poles · Hong Kong SAR China
1470
-20
🇭🇰 Turks · Hong Kong SAR China
1466
-19
🇭🇰 Malay · Hong Kong SAR China
1415
-17
Walkuere
9:22 Feudal Age
9:00 Double-Bit Axe
8:56 Horse Collar
13:25 Gold Mining
14:29 Gold Mining
16:43 Castle Age
19:21 Man-at-Arms
22:06 Wheelbarrow
25:21 Gold Shaft Mining
24:44 Fletching
25:11 Loom
24:49 Crossbowman
25:42 Pikeman
26:11 Crossbowman
27:46 Padded Archer Armor
27:43 Bodkin Arrow
30:44 Squires
33:20 Squires
36:57 Heavy Plow
39:44 Forging
39:40 Town Watch
46:23 Imperial Age
44:09 Hand Cart
44:30 Iron Casting
45:10 Halberdier
45:20 Halberdier
46:22 Conscription
Kawa
10:06 Feudal Age
13:41 Castle Age
11:44 Double-Bit Axe
11:58 Horse Collar
15:17 Wheelbarrow
14:59 Bow Saw
19:33 Stone Mining
19:54 Heavy Plow
22:22 Hand Cart
22:11 Loom
22:11 Town Watch
22:59 Gold Mining
25:40 Stone Shaft Mining
28:34 Imperial Age
26:56 Padded Archer Armor
26:46 Fletching
27:53 Heated Shot
28:23 Ballistics
28:32 Bodkin Arrow
28:50 Thumb Ring
29:13 Leather Archer Armor
28:47 Elite Rattan Archer
29:50 Paper Money
29:02 Elite Rattan Archer
29:43 Bracer
30:56 Chemistry
30:44 Ring Archer Armor
30:48 Crop Rotation
31:22 Two-Man Saw
32:16 Siege Engineers
35:38 Masonry
37:00 Scale Barding Armor
37:05 Forging
40:27 Paper Money
40:43 Hoardings
40:42 Fortified Wall
46:00 Caravan
苏东坡的粉丝
10:54 Feudal Age
14:59 Castle Age
12:57 Double-Bit Axe
13:23 Horse Collar
14:33 Gold Mining
14:39 Stone Mining
14:57 Loom
16:24 Bow Saw
21:45 Heavy Plow
22:46 Wheelbarrow
24:10 Padded Archer Armor
24:00 Fletching
24:37 Town Watch
25:39 Hand Cart
26:41 Stone Shaft Mining
27:50 Leather Archer Armor
32:55 Imperial Age
30:55 Bodkin Arrow
32:09 Masonry
32:20 Ballistics
33:05 Bloodlines
33:21 Scale Barding Armor
33:27 Forging
33:51 Bracer
34:24 Architecture
34:55 Chemistry
34:29 Conscription
34:59 Ring Archer Armor
35:10 Husbandry
35:20 Elite Skirmisher
36:05 Thumb Ring
36:35 Architecture
36:04 Imperial Skirmisher
36:10 Imperial Skirmisher
38:37 Two-Man Saw
38:30 Bombard Tower
39:54 Murder Holes
41:46 Coinage
41:27 Guilds
41:12 Pikeman
41:52 Squires
41:47 Arson
41:48 Gambesons
42:04 Scale Mail Armor
42:40 Iron Casting
42:13 Halberdier
43:34 Chain Mail Armor
44:27 Supremacy
44:38 Block Printing
44:44 Sanctity
45:51 Theocracy
45:42 Illumination
46:11 Redemption
46:15 Fervor
46:07 Atonement
文風
10:52 Feudal Age
14:41 Castle Age
12:54 Double-Bit Axe
13:08 Horse Collar
15:55 Bow Saw
17:24 Wheelbarrow
16:51 Heavy Plow
21:46 Szlachta Privileges
21:43 Gold Mining
22:12 Husbandry
22:23 Bloodlines
22:59 Scale Barding Armor
25:23 Chain Barding Armor
27:55 Forging
33:25 Imperial Age
32:45 Iron Casting
33:27 Cavalier
39:18 Conscription
41:04 Blast Furnace
專業送分員
12:13 Feudal Age
16:03 Castle Age
14:19 Double-Bit Axe
14:20 Horse Collar
17:25 Wheelbarrow
17:14 Bow Saw
23:06 Gold Mining
23:35 Hand Cart
25:11 Fletching
25:15 Loom
25:47 Bodkin Arrow
29:18 Imperial Age
27:00 Padded Archer Armor
27:59 Leather Archer Armor
28:48 Ballistics
27:49 Crossbowman
28:35 Thumb Ring
29:18 Conscription
30:00 Bracer
31:40 Chemistry
31:54 Arbalester
37:13 Scale Barding Armor
37:39 Ring Archer Armor
38:00 Forging
37:34 Light Cavalry
38:15 Husbandry
40:57 Iron Casting
42:52 Elite Skirmisher
44:25 Capped Ram
屌炸天
10:21 Feudal Age
12:47 Double-Bit Axe
15:23 Castle Age
13:44 Horse Collar
21:13 Imperial Age
20:09 Bow Saw
28:36 Gold Mining
36:31 Two-Man Saw
35:36 Heavy Plow
37:24 Wheelbarrow
Connection lost

Rejoining the realm…

Still unreachable

The connection could not be restored.

Session expired

The server has moved on; the page needs a fresh start.